 Dungeon Crawl Stone Soup version 0.28.0-43-g3370ac3207 (webtiles) character file.

Game seed: 9463302819383210198

11594 Zeld the Thaumaturge (level 11, 0/62 HPs)
             Began as a Deep Elf Fire Elementalist on Mar 12, 2022.
             Was a Believer of Vehumet.
             Slain by a centaur (2 damage)
             ... on level 12 of the Dungeon.
             The game lasted 00:19:17 (17232 turns).

Zeld the Thaumaturge (Deep Elf Fire Elementalist)  Turns: 17232, Time: 00:19:18

Health: 0/62       AC:  7    Str:  5    XL:     11   Next: 51%
Magic:  9/29       EV: 13    Int: 25    God:    Vehumet [**....]
Gold:   893        SH:  0    Dex: 15    Spells: 27/34 levels left

rFire   . . .      SeeInvis +   a - +6 falchion
rCold   . . .      Faith    .   (no shield)
rNeg    . . .      Spirit   .   F - +5 robe of Night {Dark Will+ SInv}
rPois   .          Reflect  .   u - +0 helmet
rElec   .          Harm     .   r - +0 cloak
rCorr   .          Rampage  .   h - +0 pair of gloves
Will    ++...                   o - +0 pair of boots
Stlth   +++.......              j - amulet of regeneration
HPRegen 1.00/turn               (no ring)
MPRegen 0.21/turn               (no ring)

@: about to teleport, spiked, corroded
A: no striking features
a: Renounce Religion


You were on level 12 of the Dungeon.
You worshipped Vehumet.
Vehumet was pleased with you.
You visited 2 branches of the dungeon, and saw 13 of its levels.
You also visited: Sewer and Bailey.

You collected 1230 gold pieces.
You spent 337 gold pieces at shops.

Inventory:

Hand Weapons
 a - a +6 falchion (weapon)
 y - a +1 demon blade of freezing
Armour
 h - a +0 pair of gloves (worn)
 o - a +0 pair of boots (worn)
 r - a +0 cloak (worn)
 u - a +0 helmet (worn)
 F - the +5 robe of Night (worn) {Dark Will+ SInv}
   (You found it on level 10 of the Dungeon)

   It shrouds the wearer in darkness, reducing the range at which they can see
   and be seen by others.
   SInv:      It lets you see invisible.
   Will:      It increases your willpower.
Jewellery
 j - an amulet of regeneration (around neck)
Wands
 f - a wand of iceblast (4)
 k - a wand of mindburst (18)
 A - a wand of flame (42)
Scrolls
 b - a scroll of amnesia
 m - 3 scrolls of teleportation
 p - a scroll of magic mapping
 v - a scroll of silence
 D - 2 scrolls of fear {unknown}
 G - a scroll of vulnerability {unknown}
 I - a scroll of enchant armour {unknown}
Potions
 c - 3 potions of resistance {unknown}
 d - 5 potions of might {unknown}
 e - a potion of mutation {unknown}
 g - 3 potions of flight {unknown}
 i - 2 potions of curing {unknown}
 l - 2 potions of attraction {unknown}
 n - 3 potions of lignification {unknown}
 q - a potion of ambrosia {unknown}
 s - 2 potions of haste {unknown}
 t - 2 potions of brilliance {unknown}
 w - a potion of degeneration {unknown}
 z - a potion of invisibility {unknown}
 B - 2 potions of berserk rage {unknown}
 C - a potion of cancellation {unknown}
 H - a potion of heal wounds {unknown}
Miscellaneous
 E - a piece from Xom's chessboard (15/15)


   Skills:
 + Level 4.5 Fighting
 * Level 7.7 Long Blades
 - Level 4.0 Dodging
 - Level 6.0 Stealth
 - Level 12.0 Spellcasting
 + Level 7.1 Conjurations
 * Level 11.0 Fire Magic


You had 27 spell levels left.
You knew the following spells:

 Your Spells              Type           Power      Damage    Failure   Level
a - Foxfire               Conj/Fire      100%       2x1d9     1%          1
b - Scorch                Fire           100%       2d10      1%          2
c - Flame Wave            Conj/Fire      57%        2d11      1%          4

Your spell library contained the following spells:

 Spells                   Type           Power      Damage    Failure   Level
 Frozen Ramparts          Ice            30%        1d5       12%         3
 Static Discharge         Conj/Air       32%        N/A       1%          2
 Conjure Flame            Conj/Fire      57%        6-21      1%          3
 Inner Flame              Hex/Fire       42%        N/A       1%          3
 Ensorcelled Hibernation  Hex/Ice        30%        N/A       6%          2
 Spider Form              Tmut/Pois      15%        N/A       12%         3
 Lightning Bolt           Conj/Air       16%        1d30      26%         5
 Anguish                  Hex/Necr       7%         N/A       36%         4
 Animate Dead             Necr           7%         N/A       36%         4
 Borgnjor's Vile Clutch   Necr/Erth      7%         N/A       73%         5
 Death Channel            Necr           7%         N/A       99%         6
 Maxwell's Capacitive Co  Air            7%         ∞         100%        8


Dungeon Overview and Level Annotations

Branches:
Dungeon (12/15)            Temple (1/1) D:5            Lair (0/6) D:11
    Orc (0/2) D:12          Sewer (visited)          Bailey (visited)

Altars:
Ashenzari
Cheibriados
Dithmenos
Elyvilon
Fedhas
Gozag
Hepliaklqana
Kikubaaqudgha
Makhleb
Nemelex Xobeh
Okawaru
Qazlal
Ru
Sif Muna
Trog
Uskayaw
Vehumet
Wu Jian
Xom
Yredelemnul
Zin
The Shining One

Shops:
D:2 [

Annotations:
D:11 Frances


Message History

The barbed spikes become lodged in your body.
* * * LOW HITPOINT WARNING * * *
Unknown command.
Casting: Scorch (safe; 1% risk of failure)
Confirm with . or Enter, or press ? or * to list all spells.
Flames lash the acid dragon.
The acid dragon is heavily wounded.
The acid dragon's fire resistance burns away.
Your surroundings seem slightly different.
Found a staircase to the Orcish Mines.
The manticore flicks its tail.
The volley of spikes hits you!
The barbed spikes become lodged in your body.
* * * LOW HITPOINT WARNING * * *
Blink to where?
Press: ? - help, Dir - move target A centaur comes into view.
As you read the scroll of blinking, it crumbles to dust.
As you read the scroll of teleportation, it crumbles to dust.
You feel strangely unstable.
A centaur comes into view. x2
The centaur shouts! x2; You hear a shout! x3
The centaur wields a +0 shortbow.
The centaur shoots an arrow.
The arrow closely misses you.
The centaur hits you but does no damage.
The centaur barely misses you.
The centaur wields a +0 shortbow.
The centaur shoots an arrow.
The arrow misses you.
The centaur shoots an arrow.
The arrow hits you.
* * * LOW HITPOINT WARNING * * *
A centaur comes into view.
A centaur comes into view.
The centaur hits you but does no damage.
The centaur kicks you.
* * * LOW HITPOINT WARNING * * *
The centaur shoots an arrow.
The arrow hits you.
* * * LOW HITPOINT WARNING * * *
The centaur shoots an arrow.
The arrow barely misses you.
The centaur wields a +0 shortbow.
The centaur shoots an arrow.
The arrow barely misses you. The centaur hits you.
You die...

#######....D...
#..oH....
#........
#.o.D...>
#........
#..H.....
#........
##.......
#@.......
#.c.... .......
........
.c.....##
....ccc.#


You could see a manticore (combustible), an acid dragon (combustible), 5
centaurs and an orc.

Vanquished Creatures
  Harold (D:7)
  Pikel (D:7)
  A cyclops (D:11)
  A manticore (D:11)
  2 unseen horrors
  Maggie (D:7)
  A yaktaur (D:10)
  4 slime creatures (D:10)
  A basilisk (D:12)
  11 yaks
  2 vampire mosquitoes (D:11)
  2 wargs (D:11)
  2 acid dragons
  3 water moccasins
  5 black bears
  6 orc warriors
  2 necrophages
  3 ogres
  2 centaurs
  2 phantoms
  The ghost of xzight the Shield-Bearer, an amateur GrFi (D:3)
  A lemure (D:7)
  5 bullfrogs
  4 kobold brigands (D:9)
  A gnoll sergeant (D:10)
  2 wyvern zombies
  A scorpion (D:5)
  A wyvern skeleton (D:6)
  3 wights (D:7)
  4 killer bees (D:10)
  2 howler monkeys
  3 centaur zombies
  6 hounds
  5 jellies
  A centaur skeleton (D:6)
  7 orc priests
  A bullfrog zombie (D:6)
  A gnoll shaman (D:8)
  2 bullfrog skeletons
  Crazy Yiuf (D:3)
  Jessica (D:3)
  2 iguanas (D:4)
  13 orc wizards
  A hell rat (Sewer)
  2 killer bee zombies (D:7)
  2 howler monkey zombies
  Robin (D:2)
  17 gnolls
  10 adders
  4 river rats
  A shadow imp (D:7)
  A white imp (D:7)
  2 adder skeletons
  6 worms
  4 dart slugs
  33 orcs
  10 ball pythons
  8 bats
  20 endoplasms
  5 giant cockroaches
  11 goblins
  9 hobgoblins
  3 jackals (D:3)
  5 quokkas
  3 frilled lizards (D:1)
  28 kobolds
  9 rats
316 creatures vanquished.

Vanquished Creatures (others)
  153 foxfires
  4 fungi (D:3)
  15 plants
  7 toadstools (D:3)
179 creatures vanquished.

Grand Total: 495 creatures vanquished

Notes
Turn   | Place    | Note
-------+----------+-------------------------------------------
     0 | D:1      | Zeld the Deep Elf Fire Elementalist began the quest for the
                  | Orb.
     0 | D:1      | Reached XP level 1. HP: 10/10 MP: 6/6
   452 | D:1      | Reached XP level 2. HP: 15/15 MP: 6/8
   455 | D:1      | Learned a level 2 spell: Scorch
  1109 | D:1      | Reached XP level 3. HP: 11/19 MP: 1/10
  1866 | D:2      | Noticed Robin
  1891 | D:2      | Killed Robin
  1892 | D:2      | Reached skill level 4 in Spellcasting
  1915 | D:2      | Reached XP level 4. HP: 24/24 MP: 0/12
  1920 | D:2      | Learned a level 4 spell: Flame Wave
  2699 | D:2      | Found a faded altar of an unknown god.
  2723 | D:2      | Found Ilollin's Antique Armour Emporium.
  3528 | D:3      | Found a runed translucent door.
  3536 | D:3      | Noticed xzight's ghost (amateur GrFi)
  3538 | D:3      | Noticed a bullfrog
  3794 | D:2      | Bought a pair of boots for 112 gold pieces
  3831 | D:3      | Noticed Jessica
  3835 | D:3      | Killed Jessica
  3836 | D:3      | Reached XP level 5. HP: 28/28 MP: 10/13
  3937 | D:3      | Found a runed translucent door.
  3938 | D:3      | Noticed Crazy Yiuf
  4635 | D:3      | Found a runed translucent door.
  4974 | D:3      | Killed Crazy Yiuf
  4975 | D:3      | Reached skill level 1 in Long Blades
  5051 | D:4      | Reached XP level 6. HP: 32/32 MP: 12/15
  5089 | D:4      | Reached skill level 5 in Spellcasting
  5161 | D:4      | Reached skill level 5 in Fire Magic
  5279 | D:4      | Found a glowing drain.
  5364 | Sewer    | Entered a sewer
  5764 | D:4      | Reached XP level 7. HP: 25/36 MP: 6/17
  6058 | D:4      | Reached skill level 6 in Spellcasting
  6604 | D:4      | You fall into a shaft and drop 1 floor!
  6604 | D:5      | Entered Level 5 of the Dungeon
  6723 | D:5      | Reached skill level 5 in Stealth
  6723 | D:5      | Reached XP level 8. HP: 39/41 MP: 15/20
  6851 | D:5      | Reached skill level 7 in Spellcasting
  7385 | D:5      | Reached skill level 1 in Fighting
  7483 | D:5      | Found a staircase to the Ecumenical Temple.
  7491 | Temple   | Entered the Ecumenical Temple
  8237 | D:6      | Reached skill level 8 in Spellcasting
  8584 | D:6      | Reached XP level 9. HP: 48/48 MP: 16/23
  8971 | D:7      | Noticed Maggie
  8980 | D:7      | Killed Maggie
  9207 | D:7      | Noticed Pikel
  9529 | D:7      | Found a snail-covered altar of Cheibriados.
  9771 | D:7      | Noticed Harold
  9779 | D:7      | Killed Harold
  9780 | D:7      | Reached skill level 5 in Long Blades
  9780 | D:7      | Reached skill level 9 in Spellcasting
  9780 | D:7      | Reached skill level 5 in Conjurations
  9798 | D:7      | Killed Pikel
  9955 | D:7      | Found an ancient bone altar of Kikubaaqudgha.
  9968 | D:7      | Reached XP level 10. HP: 55/55 MP: 7/25
  9983 | D:7      | Found a radiant altar of Vehumet.
  9994 | D:7      | Became a worshipper of Vehumet
  9997 | D:7      | Reached skill level 10 in Spellcasting
 10347 | D:7      | Found a broken altar of Ashenzari.
 10600 | D:8      | Found a flagged portal.
 10614 | Bailey   | Entered a bailey
 10773 | Bailey   | Noticed an orc knight
 11103 | D:8      | Found a basalt altar of Yredelemnul.
 11152 | D:8      | Found a shimmering blue altar of Sif Muna.
 12074 | D:8      | Found a sacrificial altar of Ru.
 12236 | D:9      | Reached * piety under Vehumet
 12236 | D:9      | Offered knowledge of Sandblast by Vehumet.
 12909 | D:9      | Found a hazy altar of Hepliaklqana.
 12910 | D:9      | Found a hide-covered altar of Uskayaw.
 13161 | D:2      | Bought a polished scale mail for 225 gold pieces
 13161 | D:2      | Identified the +1 scale mail of Whack-A-Mole {Str+4} (You
                  | bought it in a shop on level 2 of the Dungeon)
 13266 | D:3      | Killed xzight's ghost
 13619 | D:9      | Reached skill level 11 in Spellcasting
 13680 | D:9      | Found a stormy altar of Qazlal.
 13812 | D:10     | Entered Level 10 of the Dungeon
 14006 | D:10     | Found the +5 robe of Night {Dark Will+ SInv}
 14040 | D:10     | Found a shimmering altar of Xom.
 14161 | D:10     | Reached skill level 10 in Fire Magic
 14199 | D:10     | Reached ** piety under Vehumet
 14199 | D:10     | Offered knowledge of Searing Ray by Vehumet.
 14252 | D:10     | HP: 1/56 [very large slime creature (55)]
 14477 | D:10     | Found an iron altar of Okawaru.
 14571 | D:10     | Identified 2 scrolls of acquirement
 14573 | D:10     | Acquired a +1 demon blade of freezing
 14574 | D:10     | Acquired 710 gold pieces
 14748 | D:10     | Reached XP level 11. HP: 60/60 MP: 16/28
 14996 | D:10     | Found an ornate altar of the Wu Jian Council.
 15073 | D:10     | Found an ornate altar of the Wu Jian Council.
 15138 | D:10     | Found a shimmering altar of Xom.
 15524 | D:10     | Found an iron altar of Okawaru.
 16142 | D:11     | Reached skill level 12 in Spellcasting
 16295 | D:11     | Offered knowledge of Frozen Ramparts by Vehumet.
 16557 | D:11     | Found a staircase to the Lair.
 17062 | D:12     | Noticed Frances
 17228 | D:12     | Found a staircase to the Orcish Mines.
 17228 | D:12     | HP: 1/62 [manticore/volley of spikes (14)]
 17232 | D:12     | Slain by a centaur

Illustrated notes

Levels and vault maps discovered:
D:1:      scummos_arrival_star, layout_loops_ring, item_on_display_a
D:2:      wad_lake_hut, layout_basic, serial_shops, shop,
          hellmonk_ecumenical_altar_run_dry, minmay_tetromino_s4, uniq_robin
D:3:      cheibrodos_fertilizer, layout_loops_ring, ebering_ghost_sewer_f,
          nicolae_figureground_sparkle, uniq_crazy_yiuf_cottage, uniq_jessica
D:4:      layout_basic, lightli_sewer_entry_pipes
D:5:      layout_basic, minmay_temple_entry_mini_moons, feat_on_display
D:6:      layout_cave_pools
D:7:      layout_gridville, cheibriados_altar_1, nicolae_ashenzari_skybound,
          grunt_temple_overflow_open, grunt_ogre_cave, uniq_pikel, uniq_maggie,
          uniq_harold
D:8:      layout_loops_ring, nicolae_ru_path_of_blood,
          overflow_temple_1_default, nicolae_overflow_hidden_temple,
          enter_bailey_2
D:9:      layout_loops_ring, mainiacjoe_overflow_24_doors,
          nicolae_overflow_squiral, chequers_mini_garden
D:10:     layout_loops_ring, mainiacjoe_overflow_catch_the_wave,
          okawaru_metal_pillars_1_2, minmay_crystal_room
D:11:     layout_roguey, erik_lair_orcish_takeover, st_stairs_13,
          dk_noncrumbling_2
D:12:     layout_basic, david_orc_3, hangedman_ranch, uniq_frances
Temple:   kb_temple_of_zot

Skill      XL: |  1  2  3  4  5  6  7  8  9 10 11 |
---------------+----------------------------------+-----
Fire Magic     | 4 5 6 7 8 10 11 | 11.0
Dodging        | 3 4 |  4.0
Spellcasting   | 4 5 6 8 9 11 12 | 12.0
Stealth        | 3 4 5 6 |  6.0
Conjurations   | 2 3 4 5 6 7 |  7.1
Long Blades    | 1 2 3 5 6 7 |  7.7
Fighting       | 1 2 3 4 |  4.5

Action                   |  1- 3 |  4- 6 |  7- 9 | 10-12 || total
-------------------------+-------+-------+-------+-------++-------
Melee: Unarmed           |     1 |     1 |       |       ||     2
       Punch             |     1 |     1 |       |       ||     2
       Falchion          |       |    44 |    20 |    25 ||    89
 Cast: Foxfire           |    52 |    35 |     8 |    10 ||   105
       Scorch            |    19 |    67 |   138 |   202 ||   426
       Flame Wave        |       |     1 |     2 |    24 ||    27
Evoke: Wand              |       |       |       |     3 ||     3
       Piece from Xom's  |       |       |       |     2 ||     2
  Use: Scroll            |       |       |       |    19 ||    19
 Stab: Distracted        |       |     1 |       |       ||     1
Armor: Robe              |     3 |    24 |    28 |    60 ||   115
Dodge: Dodged            |    19 |    46 |    67 |   103 ||   235
